 Dungeon Crawl Stone Soup version 0.28.0-53-g5a82cb258f (webtiles) character file.

Game seed: 3830357189096285625

126 cbfl8 the Skirmisher (level 4, 0/36 (42) HPs)
             Began as a Minotaur Berserker on Aug 30, 2022.
             Was a Believer of Trog.
             Slain by a wight
             ... wielding a +2 halberd of protection
              (9 damage)
             ... on level 3 of the Dungeon.
             The game lasted 00:02:42 (3283 turns).

cbfl8 the Skirmisher (Minotaur Berserker)           Turns: 3283, Time: 00:02:43

HP:   0/36 (42)     AC:  5    Str: 21    XL:     4   Next: 83%
MP:   3/3           EV: 11    Int:  4    God:    Trog [**....]
Gold: 51            SH:  0    Dex: 12    Spells: 3/3 levels left

rFire   . . .      SeeInvis .   a - +0 hand axe
rCold   . . .      Faith    .   (no shield)
rNeg    . . .      Spirit   .   e - +0 ring mail
rPois   .          Reflect  .   (helmet restricted)
rElec   .          Harm     .   (no cloak)
rCorr   .          Rampage  .   (no gloves)
Will    .....                   (no boots)
Stlth   +.........              (no amulet)
HPRegen 0.12/turn               (no ring)
MPRegen 0.08/turn               (no ring)

@: heavily drained
A: horns 2, retaliatory headbutt
a: Renounce Religion, Berserk, Trog's Hand


You were on level 3 of the Dungeon.
You worshipped Trog.
Trog was pleased with you.
You visited 1 branch of the dungeon, and saw 3 of its levels.

You collected 71 gold pieces.
You spent 20 gold pieces at shops.

Inventory:

Hand Weapons
 a - a +0 hand axe (weapon)
Missiles
 c - a throwing net (quivered)
Armour
 e - a +0 ring mail (worn)
Scrolls
 b - a scroll of fog
 h - a scroll of brand weapon
 i - a scroll of enchant weapon {unknown}
Potions
 d - a potion of degeneration {unknown}
 f - 2 potions of might {unknown}
 g - a potion of brilliance {unknown}
 j - 2 potions of invisibility {unknown}


   Skills:
 * Level 5.0 Fighting
 * Level 4.9 Axes
 + Level 2.5 Armour
 * Level 2.8 Dodging
 + Level 0.4 Stealth
 * Level 1.0 Evocations


You had 3 spell levels left.
You didn't know any spells.
Your spell library was empty.

Dungeon Overview and Level Annotations

Branches:
Dungeon (3/15)

Altars:
Dithmenos

Shops:
D:2 ([?


Innate Abilities, Weirdness & Mutations

You have a pair of horns on your head.
You reflexively headbutt those who attack you in melee.


Message History

A goblin is nearby!
You hit the goblin.
You kill the goblin!
Trog accepts your kill.
You see here a +0 dagger.
Found a stone staircase leading down.
No target in view! 2 wights come into view.
A wight is wielding a +2 halberd of protection.
The wight moves out of view.
An endoplasm comes into view.
The endoplasm quivers.
The wight hits you from afar with a +1 spear.
You feel drained.
There are monsters nearby!
A wight comes into view.
It is wielding a +2 hand axe of freezing.
The wight barely misses you.
There are monsters nearby!
You closely miss the wight. You headbutt the wight.
The wight is lightly damaged.
The wight misses you. The wight hits you with a +1 spear.
You feel drained.
You fail to use your ability.
The wight hits you with a +1 spear.
You feel drained.
You hit the wight but do no damage.
The wight is lightly damaged.
The wight hits you with a +1 spear.
You feel drained.
You hit the wight.
You headbutt the wight, but do no damage.
The wight is moderately damaged.
The wight hits you with a +1 spear!
You completely miss the wight.
The wight is moderately damaged.
You hit the endoplasm. You hit the wight.
The wight hits you with a +2 hand axe of freezing!
You feel drained. The wight freezes you.
* * * LOW HITPOINT WARNING * * *
The wight misses you. You furiously retaliate!
You headbutt the wight! The endoplasm barely misses you.
The wight hits you from afar with a +2 halberd of protection!
You die...

# .# .# ###
..#
....######..##
#.....zzz..#
#>J@....#
#.###...# #.#
### #.# #..#
#.# #..# #.#
#..# #.# #..#
#.# #..#
#.#######


You could see 3 wights and an endoplasm.

Vanquished Creatures
  4 gnolls (D:2)
  2 adders (D:3)
  5 worms (D:2)
  A dart slug (D:3)
  6 ball pythons
  6 endoplasms
  2 giant cockroaches (D:1)
  6 goblins
  5 hobgoblins
  3 quokkas
  4 bats
  3 frilled lizards
  A kobold (D:3)
  A quokka skeleton (D:2)
  3 rats
52 creatures vanquished.

Vanquished Creatures (others)
  13 plants (D:2)
13 creatures vanquished.

Grand Total: 65 creatures vanquished

Notes
Turn   | Place    | Note
-------+----------+-------------------------------------------
     0 | D:1      | cbfl8 the Minotaur Berserker began the quest for the Orb.
     0 | D:1      | Reached XP level 1. HP: 19/19 MP: 0/0
   511 | D:1      | Reached XP level 2. HP: 23/27 MP: 1/1
   605 | D:1      | Reached skill level 4 in Fighting
   661 | D:1      | Found a faded altar of an unknown god.
  1265 | D:2      | Found Diuntey's Antique Armour Emporium.
  1291 | D:2      | Found Nably's Magic Scroll Boutique.
  1299 | D:2      | Bought a scroll of identify for 20 gold pieces
  1750 | D:2      | Found Fan Zacu's Antique Weapon Emporium.
  1761 | D:2      | Reached XP level 3. HP: 20/33 MP: 2/2
  2033 | D:2      | Reached ** piety under Trog
  2044 | D:2      | Reached XP level 4. HP: 23/41 MP: 3/3
  3089 | D:3      | Reached skill level 1 in Evocations
  3145 | D:3      | Reached skill level 5 in Fighting
  3194 | D:3      | Found a shadowy altar of Dithmenos.
  3283 | D:3      | Slain by a wight

Illustrated notes

Levels and vault maps discovered:
D:1:      evilmike_arrival_fibonacci_small, layout_loops_ring,
          dreamdust_ecumenical_altar_angels_and_demons
D:2:      layout_basic, serial_forest, infiniplex_forest_clump_diagonal,
          infiniplex_forest_clump_diagonal, infiniplex_forest_join,
          infiniplex_forest_lined_room_2, infiniplex_forest_clump_curved,
          infiniplex_forest_corner_2, infiniplex_forest_lined_2,
          infiniplex_forest_corner_1, serial_shops, nicolae_shop_behind_doors,
          nicolae_shop_hallway_plus, shop
D:3:      layout_loops_ring, mainiacjoe_overflow_small_starburst

Skill      XL: |  1  2  3  4 |
---------------+-------------+-----
Axes           | 4 |  4.9
Fighting       | 4 5 |  5.0
Evocations     | 1 |  1.0
Armour         | |  2.5
Dodging        | |  2.8
Stealth        | |  0.4

Action                   |  1- 3 |  4- 6 || total
-------------------------+-------+-------++-------
Melee: Hand axe          |    75 |    62 ||   137
       Headbutt          |    12 |    12 ||    24
       Punch             |       |     2 ||     2
Invok: Berserk           |     1 |       ||     1
  Use: Scroll            |     2 |     1 ||     3
 Stab: Sleeping          |     1 |       ||     1
Armor: Animal skin       |    14 |       ||    14
       Ring mail         |       |    18 ||    18
Dodge: Dodged            |    43 |    37 ||    80
